 Dungeon Crawl Stone Soup version 0.23-a0-667-gc184e93 (webtiles) character file.

159 MalarOregon the Chiller (level 5, 0/38 HPs)
             Began as a Merfolk Ice Elementalist on Jan 9, 2019.
             Was an Initiate of Dithmenos.
             Slain by a hound (1 damage)
             ... on level 4 of the Dungeon.
             The game lasted 00:15:34 (3989 turns).

MalarOregon the Chiller (Merfolk Ice Elementalist)  Turns: 3989, Time: 00:15:35

Health: 0/38       AC:  3    Str:  8    XL:     5   Next: 40%
Magic:  6/9        EV: 13    Int: 15    God:    Dithmenos [......]
Gold:   171        SH:  0    Dex: 15    Spells: 2/10 levels left

rFire    . . .     SeeInvis .   s - +2 dagger (drain)
rCold    . . .     Gourm    .   (no shield)
rNeg     . . .     Faith    .   c - +1 robe
rPois    .         Spirit   .   (no helmet)
rElec    .         Reflect  .   (no cloak)
rCorr    .         Harm     .   (no gloves)
MR       .....                  (no boots)
Stlth    ++........             (no amulet)
HPRegen  0.12/turn              (no ring)
MPRegen  0.11/turn              (no ring)

@: lethally poisoned (0 -> -4), flying, drained
A: change form in water, swift swim, stealthy swim
a: Renounce Religion


You were on level 4 of the Dungeon.
You worshipped Dithmenos.
Dithmenos was noncommittal.
You were very hungry.

You visited 2 branches of the dungeon, and saw 5 of its levels.

You collected 171 gold pieces.

Inventory:

Hand Weapons
 l - a +1 dagger of holy wrath
   (You took it off a kobold on level 2 of the Dungeon)
 o - a +0 halberd
   (You took it off a gnoll on level 3 of the Dungeon)
 s - a +2 dagger of draining (weapon)
   (You took it off a kobold on level 3 of the Dungeon)
Missiles
 d - 95 stones (quivered)
Armour
 b - a +2 leather armour of magic resistance
   (You found it on level 2 of the Dungeon)
 c - a +1 robe (worn)
   (You found it on level 2 of the Dungeon)
Jewellery
 j - a +3 ring of intelligence {unknown}
   (You found it on level 1 of the Dungeon)
Scrolls
 a - a scroll of immolation {unknown}
 f - 4 scrolls of identify {unknown}
 n - a scroll of magic mapping {unknown}
 t - a scroll of teleportation {unknown}
Potions
 g - a potion of lignification {unknown}
 i - a potion of heal wounds {unknown}
 k - a potion of resistance
 r - a potion of cancellation {unknown}
 u - a potion of magic {unknown}
 v - a potion of degeneration {unknown}
 w - a potion of agility {unknown}
Comestibles
 e - 9 rations {!d}


   Skills:
 - Level 2.2 Fighting
 + Level 1.0(0.9) Polearms
 + Level 1.7 Throwing
 - Level 3.1 Dodging
 - Level 2.1 Stealth
 + Level 3.0 Spellcasting
   Level 0.7(0.6) Conjurations
 + Level 1.1 Summonings
 - Level 4.0(3.9) Ice Magic


You had 2 spell levels left.
You knew the following spells:

 Your Spells              Type           Power        Failure   Level  Hunger
a - Freeze                Ice            ##..         4%          1    #......
b - Ozocubu's Armour      Chrm/Ice       #.......     26%         3    ###....
d - Summon Ice Beast      Ice/Summ       #.......     56%         4    #####..

Your spell library contained the following spells:

 Spells                   Type           Power        Failure   Level  Hunger
 Throw Frost              Conj/Ice       #.....       12%         2    ##.....
 Beastly Appendage        Tmut           #.....       21%         1    #......
 Sticks to Snakes         Tmut           #.......     30%         2    ##.....
 Spider Form              Tmut/Pois      #.........   52%         3    ###....
 Throw Icicle             Conj/Ice       #.......     61%         4    #####..
 Ice Form                 Ice/Tmut       #.......     65%         4    #####..
 Blade Hands              Tmut           #.........   99%         5    ######.


Dungeon Overview and Level Annotations

Branches:
Dungeon (4/15)             Temple (1/1) D:4

Altars:
Cheibriados
Dithmenos
Elyvilon
Fedhas
Hepliaklqana
Kikubaaqudgha
Nemelex Xobeh
Ru
Trog
Uskayaw
Vehumet
Wu Jian
Xom
Yredelemnul
Zin
The Shining One

Annotations:
D:4 2 transporters, exclusion: phantom


Message History

You can't see any susceptible monsters within range! (Use Z to cast anyway.)
The worker ant waves its antennae.
Aim: a hound You freeze the hound.
The hound bites you.
Aim: a hound (lightly wounded)
You freeze the hound. The hound bites you. x2
Aim: a worker ant You freeze the worker ant.
A jackal comes into view.
The worker ant bites you. The hound bites you.
* * * LOW HITPOINT WARNING * * *
Okay, then.
The hound bites you.
* * * LOW HITPOINT WARNING * * *
Aim: a hound (heavily wounded)
Okay, then.
As you read the scroll labeled EZOQUNG QULAUTU, it crumbles to dust.
You feel as if something is helping you.
It was a scroll of remove curse.
The jackal barks!
You hear a bark!
You hear a shout!
A jackal comes into view.
The worker ant bites you but does no damage.
The adder bites you.
* * * LOW HITPOINT WARNING * * *
The hound barely misses you. The worker ant barely misses you.
As you read the scroll labeled GIACUOXENN, it crumbles to dust.
It is a scroll of enchant armour.
Your +0 robe glows green for a moment.
The hound barely misses you. The adder closely misses you.
The worker ant bites you.
* * * LOW HITPOINT WARNING * * *
The hound bites you.
* * * LOW HITPOINT WARNING * * *
It was a potion of curing.
You feel better. The adder bites you but does no damage.
The hound stops to sniff the ground.
The hound misses you. The worker ant bites you.
* * * LOW HITPOINT WARNING * * *
The adder bites you.
* * * LOW HITPOINT WARNING * * *
You are poisoned.
The adder poisons you!
Unknown command.
It was a potion of flight.
You feel very buoyant.
You fly up into the air.
You feel sick. The hound bites you.
* * * LOW HITPOINT WARNING * * *
The worker ant closely misses you. The adder bites you.
* * * LOW HITPOINT WARNING * * *
The hound bites you.
You die...

......#....#....##.
......##...............
...#.! ##...........#..
..##.. #...............
# ##..##..............
#....#............#
...................#
......(..........##
.##..........@..$.#.
#..........Sha......
#...........hh....#.
##.#........†.#####
###.........>#
#.........<..#
##.#...........
###............
##........(.##


You could see a hound, a worker ant, an adder and 2 jackals.

Vanquished Creatures
  A gnoll (D:3)
  5 adders
  An ooze (D:4)
  2 worms
  2 dart slugs
  A leopard gecko (D:1)
  An orc (D:3)
  5 giant cockroaches
  10 goblins
  9 hobgoblins
  8 jackals
  2 quokkas (D:3)
  4 ball pythons
  A bat (D:1)
  2 frilled lizards
  12 kobolds
  12 rats
78 creatures vanquished.

Vanquished Creatures (collateral kills)
  2 gnolls (D:3)
2 creatures vanquished.

Grand Total: 80 creatures vanquished

Notes
Turn   | Place    | Note
-------+----------+-------------------------------------------
     0 | D:1      | MalarOregon the Merfolk Ice Elementalist began the quest
                  | for the Orb.
     0 | D:1      | Reached XP level 1. HP: 13/13 MP: 3/3
   260 | D:1      | You fall through a shaft!
   271 | D:2      | Reached XP level 2. HP: 12/20 MP: 0/5
   589 | D:1      | Reached skill level 1 in Fighting
   678 | D:1      | Reached XP level 3. HP: 24/26 MP: 2/6
  1817 | D:2      | Reached XP level 4. HP: 22/32 MP: 5/7
  1841 | D:2      | Learned a level 3 spell: Ozocubu's Armour
  1846 | D:2      | Learned a level 4 spell: Summon Ice Beast
  1847 | D:2      | You fall through a shaft!
  1924 | D:3      | Reached skill level 1 in Throwing
  2210 | D:2      | Reached skill level 4 in Ice Magic
  2831 | D:3      | Reached XP level 5. HP: 11/38 MP: 0/9
  3431 | D:3      | Found a hazy altar of Hepliaklqana.
  3457 | D:4      | Found a transporter.
  3483 | D:4      | Reached skill level 1 in Summonings
  3505 | D:4      | Found a staircase to the Ecumenical Temple.
  3564 | Temple   | Entered the Ecumenical Temple
  3881 | Temple   | Became a worshipper of Dithmenos the Shadowed
  3914 | D:4      | Found a transporter.
  3914 | D:4      | Noticed a phantom
  3934 | D:4      | Reached skill level 1 in Polearms
  3989 | D:4      | HP: 1/38 [adder (5)]
  3989 | D:4      | Slain by a hound

Vault maps used:
D:1:      lemuel_arrival_funnel, minmay_misc_feat_five,
          minmay_misc_feat_secret_circle, minmay_misc_feat_more_columns,
          serial_bayou_lake_a
D:3:      lemuel_round_altar
D:4:      gammafunk_cloud_chamber, minmay_temple_entry_mist
Temple:   regret_index_temple_generic_petals

Skill      XL: |  1  2  3  4  5 |
---------------+----------------+-----
Dodging        | 3 |  3.1
Fighting       | 1 2 |  2.2
Throwing       | 1 |  1.7
Ice Magic      | 4 |  4.0
Spellcasting   | 3 |  3.0
Summonings     | 1 |  1.1
Polearms       | 1 |  1.0
Stealth        | |  2.1
Conjurations   | |  0.7

Action                   |  1- 3 |  4- 6 || total
-------------------------+-------+-------++-------
Melee: Short sword       |    27 |       ||    27
       Unarmed           |     2 |       ||     2
       Tailslap          |     2 |       ||     2
       Dagger            |     6 |    36 ||    42
Throw: Stone             |    57 |    96 ||   153
 Cast: Freeze            |    53 |    60 ||   113
       Summon Ice Beast  |       |     1 ||     1
  Use: Scroll            |       |     2 ||     2
       Potion            |       |     2 ||     2
 Stab: Sleeping          |     3 |     2 ||     5
  Eat: Chunk             |     4 |     6 ||    10
Armor: Robe              |    12 |    13 ||    25
Dodge: Dodged            |    47 |    69 ||   116

Table legend:
 A = Non-vault XP
 B = Vault XP
 C = Vault XP percentage of total XP
 D = Non-vault monster count
 E = Vault monster count
 F = Vault count percentage of total count
                 A         B        C        D         E       F
            +---------+---------+-------+---------+---------+-------
      Total |     228 |       0 |   0.0 |      80 |       0 |   0.0
            +---------+---------+-------+---------+---------+-------
        D:1 |      36 |       0 |   0.0 |      22 |       0 |   0.0
        D:2 |      87 |       0 |   0.0 |      31 |       0 |   0.0
        D:3 |      70 |       0 |   0.0 |      23 |       0 |   0.0
        D:4 |      35 |       0 |   0.0 |       4 |       0 |   0.0
            +---------+---------+-------+---------+---------+-------
